 Dungeon Crawl Stone Soup version 0.18-a0-1677-g2bdad6c (webtiles) character file.

23 Deemzul the Insei (level 3, -16/26 HPs)
             Began as an Octopode Monk on Apr 2, 2016.
             Killed from afar by a dart slug (35 damage)
             ... with an exploding inner flame
             ... hexed by the player character
             ... on level 2 of the Dungeon.
             The game lasted 00:01:01 (936 turns).

Deemzul the Insei (Octopode Monk)                    Turns: 936, Time: 00:01:01

Health: -16/26     AC:  1    Str: 10    XL:     3   Next: 0%
Magic:  3/3        EV: 13    Int: 12    God:
Gold:   100        SH:  0    Dex: 15    Spells: 0 memorised, 2 levels left

rFire  . . .     SeeInvis .       - Unarmed
rCold  . . .     Gourm    .     (no shield)
rNeg   . . .     Faith    .     (helmet restricted)
rPois  .         Spirit   .     k - amulet of inaccuracy (curse)
rElec  .         Dismiss  .     h - ring of wizardry
rCorr  .         Reflect  .     (no ring)
SustAt .         Harm     .     (no ring)
MR     .....                    (no ring)
Stlth  +++.......               (no ring)
                                (no ring)
                                (no ring)
                                (no ring)

@: not resistant to hostile enchantments, fairly stealthy
A: almost no armour, amphibious, 8 rings, constrict 8, camouflage 1, gelatinous
body 1
a: no special abilities


You were on level 2 of the Dungeon.
You were not hungry.

You visited 1 branch of the dungeon, and saw 2 of its levels.

You collected 100 gold pieces.

Inventory:

Jewellery
 h - a ring of wizardry (left tentacle)
 k - a cursed amulet of inaccuracy (around mantle)
Scrolls
 c - a scroll of recharging
 d - a scroll of identify
 i - a scroll of teleportation
 m - a scroll of fear {unknown}
Potions
 b - a potion of haste
 e - a potion of heal wounds {unknown}
 j - 3 potions of curing {unknown}
 l - a potion of lignification {unknown}
Comestibles
 a - a bread ration
 f - 2 meat rations
 g - a royal jelly


   Skills:
 + Level 3.2 Fighting
 + Level 3.3 Dodging
 + Level 2.9 Stealth
 * Level 4.4 Unarmed Combat


You had 2 spell levels left.
You didn't know any spells.

Dungeon Overview and Level Annotations

Branches:
Dungeon (2/15)

Altars:
Okawaru


Innate Abilities, Weirdness & Mutations

You cannot wear most types of armour.
You are amphibious.
You can wear up to eight rings at the same time.
You can use your tentacles to constrict eight enemies at once.
Your skin changes colour to match your surroundings (Stealth).
Your rubbery body absorbs attacks (AC +1).


Message History

The creatures around you are filled with an inner flame!
It was a scroll of immolation.
The dart slug launches a dart at you. The slug dart hits you!
Found a stone staircase leading down.
You barely miss the dart slug. You grab the dart slug.
You constrict the dart slug. You barely miss the dart slug.
The dart slug is moderately wounded.
You constrict the dart slug. The dart slug launches a dart at you.
The slug dart misses you.
You tentacle-slap the dart slug.
The dart slug is heavily wounded.
You constrict the dart slug. The dart slug misses you.
You bludgeon the dart slug!
The dart slug explodes!
The fiery explosion engulfs you!
Ouch! That really hurt!
You die...

,,** #......# #.# .*,** ######.#
#.# ,#*,** #.# ##.##
,,,*,************### #.# ##...#
,**,**,,,,,,,,,,,..# #.# #)#...
,*,,,,,,,.,,*****#.# #.# ##...#
,,,,*****...,,* #.# #.# ##.##
,**,* *.....####.#####.#####.#
***,* *>....ยง.@..............#
*,* *.....####.#..##.#####.##
*,*****...,,*#......##.# #...
**,,,,,,.#.####......##.# ####
*,,,,,***#............#.########
*,**#.***#..###.......#....#....
*,* #..,..,...........####.#.#*#
*,*##..,,,..#.#####...# #.#.#
*,....#*****#.# #.#.# #.#.#


There were no monsters in sight!

Vanquished Creatures
  An ooze (D:1)
  2 dart slugs (D:1)
  A hobgoblin (D:1)
  3 jackals (D:1)
  3 bats
  2 goblins (D:1)
  3 kobolds
  2 rats (D:1)
17 creatures vanquished.

Notes
Turn   | Place    | Note
--------------------------------------------------------------
     0 | D:1      | Deemzul the Octopode Monk began the quest for the Orb.
     0 | D:1      | Reached XP level 1. HP: 16/16 MP: 1/1
   125 | D:1      | Reached XP level 2. HP: 14/21 MP: 2/2
   694 | D:2      | Found an iron altar of Okawaru.
   780 | D:2      | Reached XP level 3. HP: 26/26 MP: 3/3
   936 | D:2      | Killed from afar by a dart slug

Vault maps used:
D:1:      kilobyte_arrival_exit_the_forest, minmay_misc_feat_diagonals
D:2:      okawaru_gym_becter

Action                   || total
-------------------------++-------
Melee: Unarmed           ||    39
  Use: Scroll            ||     7
 Stab: Sleeping          ||     6
